 Dungeon Crawl Stone Soup version 0.31.0-11-ge490571c62 (webtiles) character file.

Game seed: 14792856477223346854

79 qw the Shooter (level 4, -1/25 HPs)
             Began as a Deep Elf Hunter on Feb 5, 2024.
             Frozen to death by an endoplasm (3 damage)
             ... on level 2 of the Dungeon.
             The game lasted 00:00:54 (1079 turns).

qw the Shooter (Deep Elf Hunter)                    Turns: 1079, Time: 00:00:55

Health: -1/25      AC:  3    Str: 10    XL:     4   Next: 17%
Magic:  6/6        EV: 12    Int: 14    God:
Gold:   71         SH:  0    Dex: 18    Spells: 3/3 levels left

rFire   . . .        a - +0 shortbow
rCold   . . .        (shield currently unavailable)
rNeg    . . .        c - +0 leather armour
rPois   .            (no helmet)
rElec   .            (no cloak)
rCorr   .            (no gloves)
SInv    .            (no boots)
Will    .....        (no amulet)
Stlth   ++           (no ring)
HPRegen 0.24/turn    (no ring)
MPRegen 0.10/turn

%: no passive effects
@: no status effects
A: no striking features
a: no special abilities


You were on level 2 of the Dungeon.
You visited 1 branch of the dungeon, and saw 2 of its levels.

You collected 71 gold pieces.


   Skills:
 - Level 1.5 Fighting
 + Level 7.6 Ranged Weapons
 - Level 2.4 Dodging
 - Level 1.2 Stealth


You had 3 spell levels left.
You didn't know any spells.
Your spell library was empty.

Inventory:

Hand Weapons
 a - a +0 shortbow (weapon)
Armour
 c - a +0 leather armour (worn)
Jewellery
 h - a ring of protection from fire
Scrolls
 b - a scroll of revelation {unknown}
 e - 3 scrolls of identify
Potions
 d - a potion of mutation {unknown}
 f - a potion of might
 i - a potion of magic {unknown}

Dungeon Overview and Level Annotations

Branches:
Dungeon (2/15)

Altars:

Shops:
D:1 !


Message History

The arrow hits the adder but does no damage.
The adder is heavily wounded.
You feel sick. The adder completely misses you. The adder bites you.
You shoot an arrow. The arrow barely misses the adder.
You feel sick. The adder barely misses you.
You shoot an arrow. The arrow hits the adder.
You kill the adder!
You feel sick. The adder closely misses you.
You have reached level 4!
You feel clever.
You shoot an arrow. The arrow misses the adder.
You feel sick. The adder bites you.
You are more poisoned.
The adder poisons you! The adder bites you but does no damage.
You shoot an arrow. The arrow hits the adder!
The adder is severely wounded.
You feel sick. The adder closely misses you.
You shoot an arrow. The arrow misses the adder.
You feel sick. The adder barely misses you. The adder misses you.
You shoot an arrow. The arrow closely misses the adder.
You feel sick. The adder bites you but does no damage.
You shoot an arrow. The arrow closely misses the adder.
You feel sick. The adder bites you.
1075 ||| READING scroll of teleportation.
As you read the scroll of teleportation, it crumbles to dust.
You feel strangely unstable.
You feel sick. The adder misses you. The adder barely misses you.
You shoot an arrow. The arrow hits the adder!
You kill the adder!
You feel sick.
You start resting.
You feel sick.
You are no longer poisoned.
Your surroundings suddenly seem different.
An endoplasm comes into view.
You shoot an arrow. The arrow hits the endoplasm.
The endoplasm quivers.
The endoplasm is severely wounded.
The endoplasm freezes you.
You are frozen.
You die...

#.# #.#
#.. ### #
.# ###.#
#...# #@#
#.....J.#
#########


You could see an endoplasm.

Vanquished Creatures
  A gnoll (D:1)
  3 adders (D:2)
  2 ribbon worms (D:2)
  An endoplasm (D:1)
  2 giant cockroaches (D:1)
  A goblin (D:2)
  5 hobgoblins
  4 jackals (D:1)
  3 quokkas
  3 ball pythons
  2 frilled lizards (D:2)
  5 kobolds
  3 rats
35 creatures vanquished.

Notes
Turn   | Place    | Note
-------+----------+-------------------------------------------
     0 | D:1      | qw the Deep Elf Hunter began the quest for the Orb.
     0 | D:1      | Reached XP level 1. HP: 12/12 MP: 3/3
     0 | D:1      | Noticed a draconian
     0 | D:1      | Noticed an armataur
     0 | D:1      | 0 ||| qw: Version: 0.3-a-160-g6735b56
     0 | D:1      | 0 ||| qw: Game counter: 6393
     0 | D:1      | 0 ||| qw: Melee chars always use a shield: true
     0 | D:1      | 0 ||| qw: God list: Okawaru
     0 | D:1      | 0 ||| qw: Allow faded altars: false
     0 | D:1      | 0 ||| qw: Do Orc after clearing Dungeon:15 true
     0 | D:1      | 0 ||| qw: Do second Lair branch before Depths: true
     0 | D:1      | 0 ||| qw: Lair rune preference: random
     0 | D:1      | 0 ||| qw: Goals: Normal
     0 | D:1      | 0 ||| PLANNING D:1-11
     1 | D:1      | Noticed a troll
     3 | D:1      | Noticed a draconian
     3 | D:1      | Noticed a minotaur
     5 | D:1      | Noticed an elf
     6 | D:1      | Noticed a spriggan
     7 | D:1      | Noticed a spriggan
     8 | D:1      | Noticed a djinni
     9 | D:1      | Noticed a barachi
    12 | D:1      | Noticed a minotaur
    14 | D:1      | Noticed a draconian
    16 | D:1      | Noticed a felid
    18 | D:1      | Noticed a demonspawn
    18 | D:1      | Noticed a tengu
    20 | D:1      | Noticed a draconian
    20 | D:1      | Noticed a tengu
    22 | D:1      | Noticed an oni
    68 | D:1      | Found Ninohitu's Distillery.
    76 | D:1      | 76 ||| SHOPLISTING 2 potions of resistance (260 gold, have
                  | 4).
    76 | D:1      | 76 ||| SHOPLISTING potion of curing (39 gold, have 4).
    76 | D:1      | 76 ||| SHOPLISTING potion of heal wounds (65 gold, have 4).
   352 | D:1      | Reached XP level 2. HP: 16/16 MP: 4/4
   469 | D:1      | Reached skill level 6 in Ranged Weapons
   647 | D:1      | Reached XP level 3. HP: 13/20 MP: 5/5
   814 | D:1      | 814 ||| READING scroll labelled GAKLEA ARIU.
   815 | D:1      | 815 ||| READING 5 scrolls labelled DOFAJI CAUDWA.
   815 | D:1      | 815 ||| IDENTIFYING clear potion
   816 | D:1      | 816 ||| READING 4 scrolls of identify.
   816 | D:1      | 816 ||| IDENTIFYING scroll labelled EGHEIMO HASY
   817 | D:1      | 817 ||| DROPPING scroll of butterflies.
   867 | D:2      | Reached skill level 7 in Ranged Weapons
   965 | D:2      | Found a faded altar of an unknown god.
  1070 | D:2      | Reached XP level 4. HP: 15/25 MP: 6/6
  1074 | D:2      | HP: 4/25 [adder (3)]
  1075 | D:2      | 1075 ||| READING scroll of teleportation.
  1079 | D:2      | Frozen to death by an endoplasm

Levels and vault maps discovered:
D:1:      shiori_arrival_whats_in_store_for_you, layout_loops_corners,
          serial_shops, shop, nicolae_grassy_gnolls
D:2:      layout_basic, chequers_ecumenical_altar_simple_redux, minivault_26

Skill      XL: |  1  2  3 |
---------------+----------+-----
Ranged Weapons | 6 7 |  7.6
Fighting       | |  1.5
Dodging        | |  2.4
Stealth        | |  1.2

Action                     |  1- 3 |  4- 6 || total
---------------------------+-------+-------++-------
   Fire: Shortbow          |   101 |     7 ||   108
    Use: Scroll            |     3 |     1 ||     4
 Armour: Leather armour    |     8 |     4 ||    12
  Dodge: Dodged            |    17 |     5 ||    22

Table legend:
 A = Non-vault XP
 B = Vault XP
 C = Vault XP percentage of total XP
 D = Non-vault monster count
 E = Vault monster count
 F = Vault count percentage of total count
                 A         B        C        D         E       F
            +---------+---------+-------+---------+---------+-------
      Total |      99 |      15 |  13.2 |      34 |       1 |   2.9
            +---------+---------+-------+---------+---------+-------
        D:1 |      31 |      15 |  32.6 |      17 |       1 |   5.6
        D:2 |      68 |       0 |   0.0 |      17 |       0 |   0.0
            +---------+---------+-------+---------+---------+-------
